 Dungeon Crawl Stone Soup version 0.26-a0-712-ga5a9c9c9d0 (webtiles) character file.

Game seed: 7936008000821975927

48 ipx the Magician (level 3, -2/19 HPs)
             Began as a Deep Elf Earth Elementalist on Nov 13, 2020.
             Killed by divine providence
             ... invoked by an orc priest
              (9 damage)
             ... on level 3 of the Dungeon.
             The game lasted 00:07:49 (523 turns).

ipx the Magician (Deep Elf Earth Elementalist)       Turns: 523, Time: 00:07:50

Health: -2/19      AC:  4    Str:  5    XL:     3   Next: 50%
Magic:  5/10       EV: 13    Int: 20    God:
Gold:   96         SH:  0    Dex: 15    Spells: 9/10 levels left

rFire    . . .     SeeInvis .   a - +2 rapier (venom)
rCold    . . .     Faith    .   (no shield)
rNeg     . . .     Spirit   .   c - +0 robe
rPois    .         Reflect  .   (no helmet)
rElec    .         Harm     .   (no cloak)
rCorr    .         Rampage  .   t - +0 pair of gloves
MR       .....                  m - +0 pair of boots
Stlth    ++........             (no amulet)
HPRegen  0.06/turn              (no ring)
MPRegen  0.12/turn              (no ring)

@: no status effects
A: no striking features
a: no special abilities


You were on level 3 of the Dungeon.
You visited 1 branch of the dungeon, and saw 3 of its levels.

You collected 96 gold pieces.

Inventory:

Hand Weapons
 a - a +2 rapier of venom (weapon)
Missiles
 b - 52 stones (quivered)
Armour
 c - a +0 robe (worn)
 m - a +0 pair of boots (worn)
 o - a +1 kite shield of protection
 t - a +0 pair of gloves (worn)
Jewellery
 d - an uncursed amulet of guardian spirit
Scrolls
 g - a scroll of noise {unknown}
 h - a scroll of blinking {unknown}
 i - a scroll of amnesia {unknown}
 j - a scroll of teleportation {unknown}
 k - 4 scrolls of identify {unknown}
 q - a scroll of remove curse {unknown}
 v - a scroll of immolation {unknown}
Potions
 l - a potion of ambrosia {unknown}
 n - a potion of flight {unknown}
 p - a potion of resistance {unknown}
 r - a potion of might {unknown}
 s - a potion of invisibility {unknown}
 u - a potion of haste


   Skills:
 - Level 2.4 Dodging
 - Level 2.4 Stealth
 + Level 4.3 Spellcasting
   Level 1.1 Transmutations
 + Level 4.2 Earth Magic


You had 9 spell levels left.
You knew the following spells:

 Your Spells              Type           Power        Failure   Level
q - Sandblast             Erth           ###...       2%          1

Your spell library contained the following spells:

 Spells                   Type           Power        Failure   Level
 Passwall                 Tmut/Erth      ###.....     6%          2
 Stone Arrow              Conj/Erth      ##....       16%         3
 Petrify                  Tmut/Erth      ###.....     38%         4
 Lee's Rapid Deconstruct  Erth           ###.......   52%         5


Dungeon Overview and Level Annotations

Branches:
Dungeon (3/15)

Altars:


Message History

Aim: an orc priest, wielding a +0 flail and wearing a cursed +0 chain mail (moderately wounded)
The blast of sand hits the orc priest but does no damage.
The orc priest is moderately wounded.
b - 53 stones The orc priest hits you with a +0 flail!
* * * LOW HITPOINT WARNING * * *
It was a potion of curing.
You feel better.
You aren't carrying any items that you can evoke.
You closely miss the orc. The orc hits you with a +0 flail.
Casting: Sandblast (safe; 2% risk of failure)
Confirm with . or Enter, or press ? or * to list all spells.
Aiming: Sandblast (safe; 2% risk of failure)
Press: ? - help, Shift-Dir - straight line, f/p - orc priest
Aim: an orc priest, wielding a +0 flail and wearing a cursed +0 chain mail (moderately wounded)
The blast of sand hits the orc but does no damage.
b - 52 stones The orc closely misses you.
The orc misses you.
The orc priest mumbles some strange prayers to Beogh against you.
Beogh smites you!
You die...

#.########......##
#.## ####.....
#..# ##.#.## ##.#
#..#... . #.#
###.####. .. #.#
#####...# . ...
##.###.....###
.... #......#####


oo... #@.....# .o...>##oo...#### ...o....o.......... ......##.....###### .....
#.....# .... #.....# ... #.....# .. ####### . You could see an orc priest and 2
orcs.

Vanquished Creatures
  2 adders
  4 leopard geckos
  An orc (D:3)
  A giant cockroach (D:1)
  A goblin (D:1)
  2 hobgoblins
  4 kobolds
  A ball python (D:2)
  3 bats
  4 frilled lizards
  4 rats
27 creatures vanquished.

Notes
Turn   | Place    | Note
-------+----------+-------------------------------------------
     0 | D:1      | ipx the Deep Elf Earth Elementalist began the quest for the
                  | Orb.
     0 | D:1      | Reached XP level 1. HP: 10/10 MP: 6/6
    80 | D:1      | Reached XP level 2. HP: 15/15 MP: 4/8
   312 | D:3      | Reached XP level 3. HP: 19/19 MP: 7/10
   523 | D:3      | Killed from afar by an orc priest

Illustrated notes

Levels and vault maps discovered:
D:1:      dpeg_arrival_pond, layout_rooms, minmay_distorted
D:2:      layout_loops_ring, old_standard_altar, chequers_big_river,
          eino_tiny_chamber
D:3:      layout_rooms, gammafunk_ghost_cemetery, solitary_fountain,
          grunt_ministairs_1, st_stairs_12

Skill      XL: |  1  2 |
---------------+-------+-----
Spellcasting   | 4 |  4.3
Earth Magic    | 4 |  4.2
Dodging        | |  2.4
Stealth        | |  2.4
Transmutations | |  1.1

Action                   || total
-------------------------++-------
Melee: Hand axe          ||    11
       Rapier            ||     4
 Cast: Sandblast         ||    35
  Use: Potion            ||     1
 Stab: Sleeping          ||     3
Armor: Robe              ||     4
Dodge: Dodged            ||    14

Table legend: (Time is in decaauts)
 A = Elapsed time spent in this place.
 B = Non-inter-level travel time spent in this place.
 C = Inter-level travel time spent in this place.
 D = Time resting spent in this place.
 E = Time spent auto-exploring this place.
 F = Levels seen in this place.
 G = Mean time per level.
                   A        B        C        D        E       F      G
               +--------+--------+--------+--------+--------+-----+--------+
         Total |    526 |    526 |      0 |      0 |      0 |   3 |  175.3 |
       Dungeon |    526 |    526 |      0 |      0 |      0 |   3 |  175.3 |
               +--------+--------+--------+--------+--------+-----+--------+

Top non-repeatable levels by time:
     D:3: 213 daAuts
     D:2: 160 daAuts
     D:1: 152 daAuts
